 Dungeon Crawl Stone Soup version 0.30-a0-586-g23e55c9e0a (webtiles) character file.

Game seed: 5201564079088251609

186 wormed the Trooper (level 5, 0/47 HPs)
             Began as a Gnoll Wanderer on Jan 4, 2023.
             Slain by an orc
             ... wielding a +0 hand axe
              (2 damage)
             ... on level 4 of the Dungeon.
             The game lasted 00:03:42 (2887 turns).

wormed the Trooper (Gnoll Wanderer)                 Turns: 2887, Time: 00:03:43

Health: 0/47       AC:  3    Str: 14    XL:     5   Next: 65%
Magic:  12/12      EV: 11    Int: 10    God:
Gold:   181        SH:  0    Dex: 12    Spells: 13/14 levels left

rFire   . . .      SeeInvis .    m - +0 sling (elec)
rCold   + . .      Faith    .    (no shield)
rNeg    . . .      Spirit   .    c - +0 leather armour
rPois   .          Reflect  .    (no helmet)
rElec   .          Harm     .    (no cloak)
rCorr   .          Rampage  .    (no gloves)
Will    .....                    (no boots)
Stlth   ++                       (no amulet)
HPRegen 0.27/turn                j - ring of protection from cold
MPRegen 0.13/turn                (no ring)

@: no status effects
A: fangs 1, strong nose, distributed training
a: no special abilities


You were on level 4 of the Dungeon.
You visited 1 branch of the dungeon, and saw 4 of its levels.

You collected 181 gold pieces.

Inventory:

Hand Weapons
 a - a +1 sling
 m - a +0 sling of electrocution (weapon)
Missiles
 n - 5 poisoned darts
 o - 6 javelins
Armour
 c - a +0 leather armour (worn)
Jewellery
 j - a ring of protection from cold (left hand)
Scrolls
 d - a scroll of blinking
 f - a scroll of teleportation
 h - 2 scrolls of vulnerability
Potions
 b - a potion of berserk rage
 e - 2 potions of brilliance
 g - a potion of might {unknown}
 i - 2 potions of magic
 k - a potion of haste {unknown}
 l - a potion of heal wounds {unknown}
 p - a potion of mutation {unknown}


   Skills:
 + Level 6.7 Fighting
 + Level 1.6 Short Blades
 + Level 1.6 Long Blades
 + Level 1.6 Axes
 + Level 1.6 Maces & Flails
 + Level 1.6 Polearms
 + Level 1.6 Staves
 + Level 4.8 Ranged Weapons
 + Level 1.6 Throwing
 + Level 1.6 Armour
 + Level 1.6 Dodging
 + Level 1.6 Stealth
 + Level 1.6 Shields
 + Level 1.6 Unarmed Combat
 + Level 5.2 Spellcasting
 + Level 1.3 Conjurations
 + Level 1.3 Hexes
 + Level 1.3 Summonings
 + Level 1.3 Necromancy
 + Level 5.6 Translocations
 + Level 1.3 Transmutations
 + Level 1.3 Fire Magic
 + Level 1.3 Ice Magic
 + Level 1.3 Air Magic
 + Level 1.3 Earth Magic
 + Level 1.3 Poison Magic
 + Level 1.9 Invocations
 + Level 1.6 Evocations


You had 13 spell levels left.
You knew the following spells:

 Your Spells              Type           Power      Damage    Failure   Level
a - Apportation           Tloc           26%        N/A       2%          1

Your spell library contained the following spells:

 Spells                   Type           Power      Damage    Failure   Level
 Vhi's Electric Charge    Tloc/Air       18%        N/A       21%         3
 Cigotuvi's Dreadful Rot  Necr/Pois/Air  10%        N/A       24%         2
 Poisonous Vapours        Pois/Air       10%        N/A       24%         2
 Kindle Blastsparks       Fire/Tloc/Air  16%        2d11      26%         3
 Passage of Golubria      Tloc           13%        N/A       26%         4
 Mephitic Cloud           Conj/Pois/Air  5%         N/A       43%         3
 Tukima's Dance           Hex            5%         N/A       43%         3
 Yara's Violent Unravell  Hex/Tmut       2%         3d3       99%         5


Dungeon Overview and Level Annotations

Branches:
Dungeon (4/15)
 Temple: D:4-7

Altars:

Shops:
D:3 (


Innate Abilities, Weirdness & Mutations

You have very sharp teeth.
Your uncanny sense of smell can sniff out nearby items.
Your experience applies equally to all skills.


Message History

The sling bullet closely misses the orc.
The orc hits you with a +0 hand axe.
The orc wizard points at you and mumbles some strange words.
You are confused.
You are too confused!
You bump into the rock wall.
The orc wizard gestures at you while chanting.
The puff of flame misses you. The orc hits you with a +0 hand axe.
The orc wizard attacks as you move away!
The orc wizard barely misses you. The orc attacks as you move away!
The orc closely misses you.
An orc wizard comes into view. It is wielding a +0 dagger of draining.
The orc wizard mumbles some strange words.
The orc wizard flickers and vanishes!
Deactivating autopickup; reactivate with Ctrl-A.
You're too confused to move!
The orc hits you with a +0 hand axe.
You are too confused!
You are too confused!
You are too confused!
You feel less confused.
You shoot a sling bullet.
The sling bullet closely misses the orc.
You hear the hiss of a distant avalanche of sand.
The orc wizard mumbles some strange words.
The orc wizard flickers and vanishes!
The orc hits you with a +0 hand axe.
You shoot a sling bullet. The sling bullet barely misses the orc.
You shoot a sling bullet. The sling bullet barely misses the orc.
The orc closely misses you. Something hits you.
The orc throws a boomerang.
The boomerang hits you. Something hits you.
The orc hits you with a +0 hand axe.
* * * LOW HITPOINT WARNING * * *
You shoot a sling bullet.
The sling bullet hits the orc but does no damage.
The orc is heavily wounded.
You hear some strange, mumbled words.
A puff of flame appears from out of thin air!
The puff of flame hits you!
* * * LOW HITPOINT WARNING * * *
The orc hits you with a +0 hand axe.
You die...

........ . #....... ..
#.....# ... #.....# ...
#.....# .. .##.. #.....# ....
......###.....##.....
......†o.{...........
......o##.@........>.
...#...##.o.......... .
#.................
###...............
#............... .........#
########........
.........###...###.........
.........#.................
.........#...................


You could see 2 orcs.

Vanquished Creatures
  An iguana (D:4)
  Natasha (thrice) (D:2)
  3 adders
  A worm (D:3)
  8 orcs
  4 bats
  An endoplasm (D:1)
  A giant cockroach (D:2)
  5 hobgoblins
  A quokka (D:1)
  8 ball pythons
  11 frilled lizards
  3 goblins
  3 kobolds (D:2)
  3 rats (D:1)
56 creatures vanquished.

Vanquished Creatures (others)
  6 plants (D:3)
6 creatures vanquished.

Grand Total: 62 creatures vanquished

Notes
Turn   | Place    | Note
-------+----------+-------------------------------------------
     0 | D:1      | wormed the Gnoll Wanderer began the quest for the Orb.
     0 | D:1      | wormed set off with the following items: a +1 sling, a
                  | potion of berserk rage, a +0 leather armour; and the
                  | following spell memorised: Apportation; and the following
                  | spells available to memorise: Vhi's Electric Charge, Kindle
                  | Blastsparks.
     0 | D:1      | Reached XP level 1. HP: 23/23 MP: 6/6
   183 | D:1      | Reached XP level 2. HP: 29/29 MP: 7/7
   778 | D:2      | Noticed Natasha
   783 | D:2      | Killed Natasha
   784 | D:2      | Reached skill level 5 in Spellcasting
   784 | D:2      | Reached skill level 1 in Invocations
   784 | D:2      | Reached XP level 3. HP: 29/35 MP: 7/9
   946 | D:2      | Reached skill level 1 in Short Blades
   946 | D:2      | Reached skill level 1 in Long Blades
   946 | D:2      | Reached skill level 1 in Axes
   946 | D:2      | Reached skill level 1 in Maces & Flails
   946 | D:2      | Reached skill level 1 in Polearms
   946 | D:2      | Reached skill level 1 in Staves
   946 | D:2      | Reached skill level 1 in Throwing
   946 | D:2      | Reached skill level 1 in Armour
   946 | D:2      | Reached skill level 1 in Dodging
   946 | D:2      | Reached skill level 1 in Stealth
   946 | D:2      | Reached skill level 1 in Shields
   946 | D:2      | Reached skill level 1 in Unarmed Combat
   946 | D:2      | Reached skill level 1 in Evocations
  1173 | D:2      | Reached XP level 4. HP: 32/41 MP: 11/11
  1387 | D:2      | Noticed Natasha
  1391 | D:2      | Killed Natasha
  1392 | D:2      | Reached skill level 1 in Conjurations
  1392 | D:2      | Reached skill level 1 in Hexes
  1392 | D:2      | Reached skill level 1 in Summonings
  1392 | D:2      | Reached skill level 1 in Necromancy
  1392 | D:2      | Reached skill level 1 in Transmutations
  1392 | D:2      | Reached skill level 1 in Fire Magic
  1392 | D:2      | Reached skill level 1 in Ice Magic
  1392 | D:2      | Reached skill level 1 in Air Magic
  1392 | D:2      | Reached skill level 1 in Earth Magic
  1392 | D:2      | Reached skill level 1 in Poison Magic
  1792 | D:2      | Noticed Natasha
  1803 | D:2      | Killed Natasha
  1977 | D:3      | Found Deovir's Weapon Shoppe.
  2024 | D:3      | Reached XP level 5. HP: 47/47 MP: 12/12
  2358 | D:3      | Found a faded altar of an unknown god.
  2887 | D:4      | HP: 2/47 [something/puff of flame (11)]
  2887 | D:4      | Slain by an orc

Illustrated notes

Levels and vault maps discovered:
D:1:      scummos_arrival_simple_fountains, layout_basic
D:2:      layout_basic, minmay_statues_item, uniq_natasha
D:3:      layout_basic, serial_shops, shop_coins,
          shapermc_ecumenical_altar_ellora, serial_rivers,
          chequers_serial_rivers_small_a, chequers_serial_rivers_large_a,
          chequers_serial_rivers_room_a, chequers_serial_rivers_small_3,
          chequers_serial_rivers_marsh, minmay_lizard_king
D:4:      layout_basic, mainiacjoe_overflow_catwalk_spiral, tgw_kikubaaqudgha,
          nicolae_ossuary_entry_plus

Skill      XL: |  1  2  3  4 |
---------------+-------------+-----
Spellcasting   | 5 |  5.2
Invocations    | 1 |  1.9
Short Blades   | 1 |  1.6
Long Blades    | 1 |  1.6
Axes           | 1 |  1.6
Maces & Flails | 1 |  1.6
Polearms       | 1 |  1.6
Staves         | 1 |  1.6
Throwing       | 1 |  1.6
Armour         | 1 |  1.6
Dodging        | 1 |  1.6
Stealth        | 1 |  1.6
Shields        | 1 |  1.6
Unarmed Combat | 1 |  1.6
Evocations     | 1 |  1.6
Conjurations   | 1 |  1.3
Hexes          | 1 |  1.3
Summonings     | 1 |  1.3
Necromancy     | 1 |  1.3
Transmutations | 1 |  1.3
Fire Magic     | 1 |  1.3
Ice Magic      | 1 |  1.3
Air Magic      | 1 |  1.3
Earth Magic    | 1 |  1.3
Poison Magic   | 1 |  1.3
Fighting       | |  6.7
Ranged Weapons | |  4.8
Translocations | |  5.6

Action                   |  1- 3 |  4- 6 || total
-------------------------+-------+-------++-------
 Fire: Sling             |    80 |   121 ||   201
  Use: Scroll            |     4 |     3 ||     7
Armor: Leather armour    |    10 |    10 ||    20
Dodge: Dodged            |    19 |    24 ||    43

Table legend: (Time is in decaauts)
 A = Elapsed time spent in this place.
 B = Non-inter-level travel time spent in this place.
 C = Inter-level travel time spent in this place.
 D = Time resting spent in this place.
 E = Time spent auto-exploring this place.
 F = Levels seen in this place.
 G = Mean time per level.
                   A        B        C        D        E       F      G
               +--------+--------+--------+--------+--------+-----+--------+
         Total |   2951 |   2586 |    365 |      0 |   2184 |   4 |  737.8 |
       Dungeon |   2951 |   2586 |    365 |      0 |   2184 |   4 |  737.8 |
               +--------+--------+--------+--------+--------+-----+--------+

Top non-repeatable levels by time:
     D:2: 1393 daAuts
     D:3: 889 daAuts
     D:1: 515 daAuts
     D:4: 153 daAuts
